 Dungeon Crawl Stone Soup version 0.27.0-1-g7a089689b8 (webtiles) character file.

Game seed: 7930899301851997015

20 Gargoyl the Skirmisher (level 2, 0/29 HPs)
             Began as a Gnoll Abyssal Knight on July 31, 2021.
             Was a Follower of Lugonu.
             Succumbed to a goblin's poison
             ... on level 2 of the Dungeon.
             The game lasted 00:01:18 (1367 turns).

Gargoyl the Skirmisher (Gnoll Abyssal Knight)       Turns: 1367, Time: 00:01:18

Health: 0/29       AC: 12    Str: 11    XL:     2   Next: 79%
Magic:  5/5        EV:  3    Int: 11    God:    Lugonu [*.....]
Gold:   107        SH:  5    Dex: 11    Spells: 2/2 levels left

rFire    . . .     SeeInvis .   a - +1 hand axe
rCold    . . .     Faith    .   (no shield)
rNeg     . . .     Spirit   .   c - +0 plate armour
rPois    .         Reflect  +   (no helmet)
rElec    .         Harm     .   (no cloak)
rCorr    .         Rampage  .   (no gloves)
Will     .....                  (no boots)
Stlth    ..........             d - amulet of reflection
HPRegen  0.09/turn              (no ring)
MPRegen  0.09/turn              (no ring)

@: lethally poisoned (0 -> -22)
A: fangs 1, strong nose, distributed training
a: Renounce Religion, Depart the Abyss


You were on level 2 of the Dungeon.
You worshipped Lugonu.
Lugonu was aware of your devotion.
You visited 1 branch of the dungeon, and saw 2 of its levels.
You visited the Abyss 1 time.

You collected 107 gold pieces.

Inventory:

Hand Weapons
 a - a +1 hand axe (weapon)
Armour
 c - a +0 plate armour (worn)
Jewellery
 d - an amulet of reflection (around neck)
Potions
 e - a potion of invisibility {unknown}


   Skills:
 + Level 6.5 Fighting
 + Level 0.5 Short Blades
 + Level 0.5 Long Blades
 + Level 4.5 Axes
 + Level 0.5 Maces & Flails
 + Level 0.5 Polearms
 + Level 0.5 Staves
 + Level 0.5 Slings
 + Level 0.5 Bows
 + Level 0.5 Crossbows
 + Level 0.5 Throwing
 + Level 4.5 Armour
 + Level 2.5 Dodging
 + Level 0.5 Stealth
 + Level 0.5 Shields
 + Level 0.5 Unarmed Combat
 + Level 0.5 Spellcasting
 + Level 0.3 Conjurations
 + Level 0.3 Hexes
 + Level 0.3 Summonings
 + Level 0.3 Necromancy
 + Level 0.3 Translocations
 + Level 0.3 Transmutations
 + Level 0.3 Fire Magic
 + Level 0.3 Ice Magic
 + Level 0.3 Air Magic
 + Level 0.3 Earth Magic
 + Level 0.3 Poison Magic
 + Level 4.5 Invocations
 + Level 0.5 Evocations


You had 2 spell levels left.
You didn't know any spells.
Your spell library was empty.

Dungeon Overview and Level Annotations

Branches:
Dungeon (2/15)

Altars:


Innate Abilities, Weirdness & Mutations

You have very sharp teeth.
Your uncanny sense of smell can sniff out nearby items.
Your experience applies equally to all skills.


Message History

A goblin comes into view. It is wielding a +0 dagger of venom.
The goblin shouts!
Found a scroll labelled QIEDUE HUFYOCH.
Found a stone staircase leading down.
A goblin is nearby!
You closely miss the goblin. The goblin hits you but does no damage.
You are poisoned.
You hit the goblin but do no damage.
You feel very sick. The goblin hits you but does no damage.
You are more poisoned.
You barely miss the goblin. You bite the goblin.
The goblin is moderately wounded.
You feel very sick. You block the goblin's attack.
Unknown command.
You barely miss the goblin.
The goblin is moderately wounded.
You feel very sick. The goblin hits you but does no damage.
You are more poisoned.
You closely miss the goblin.
The goblin is moderately wounded.
You feel very sick. The goblin hits you but does no damage.
You are lethally poisoned!
Unknown command.
You barely miss the goblin. Your bite misses the goblin.
The goblin is moderately wounded.
You feel very sick. The goblin hits you but does no damage.
You are more poisoned.
You miss the goblin.
The goblin is moderately wounded.
* * * LOW HITPOINT WARNING * * *
You feel extremely sick. The goblin hits you but does no damage.
Unknown command.
You barely miss the goblin.
The goblin is moderately wounded.
You die...

# ∆ ### #. ..# #?
#.# #..##.###
#######.>g@...#
#.....#####.###
###.###.#####.#
#.............#
#.#.###.#####.#
#.#.###.#####.#
#.#..##.......#
#.##.#...........#
#..........####.##


You could see a goblin.

Vanquished Creatures
  3 ball pythons
  3 goblins (D:1)
  A hobgoblin (D:1)
  4 quokkas (D:1)
  3 bats (D:1)
  2 frilled lizards (D:1)
  2 kobolds (D:1)
  A rat (D:1)
19 creatures vanquished.

Vanquished Creatures (others)
  2 starspawn tentacles (Abyss:1)
2 creatures vanquished.

Grand Total: 21 creatures vanquished

Notes
Turn   | Place    | Note
-------+----------+-------------------------------------------
     0 | Abyss:1  | Gargoyl the Gnoll Abyssal Knight began the quest for the
                  | Orb.
     0 | Abyss:1  | Reached XP level 1. HP: 23/23 MP: 3/3
   123 | Abyss:1  | Found a broken altar of Ashenzari.
   127 | Abyss:1  | Found a broken altar of Ashenzari.
   134 | Abyss:1  | Noticed a tentacled starspawn
   204 | Abyss:3  | Noticed a sun demon
   206 | D:1      | Escaped the Abyss
   478 | D:1      | Reached XP level 2. HP: 25/29 MP: 5/5
   544 | D:1      | Reached * piety under Lugonu
  1367 | D:2      | Succumbed to a goblin's poison

Illustrated notes

Levels and vault maps discovered:
D:1:      heliophobic_arrival_dark_side_of_the_moon, layout_basic
D:2:      layout_basic, shapermc_ecumenical_altar_mp_ritualfount,
          kennysheep_generic_room_11

Action                   || total
-------------------------++-------
Melee: Hand axe          ||    77
       Bite              ||     5
Invok: Depart the Abyss  ||     1
  Use: Scroll            ||     2
Armor: Plate armour      ||    50
Dodge: Dodged            ||     5
Block: Other             ||    16
